 Dungeon Crawl Stone Soup version 0.29-a0-1065-g47a6bb87d6 (webtiles) character file.

Game seed: 5686537432165992447

732 nickcage the Basher (level 7, -7/57 HPs)
             Began as a Minotaur Abyssal Knight on Aug 18, 2022.
             Was an Elder of Lugonu.
             Killed from afar by Dowan (28 damage)
             ... with a shard of ice
             ... on level 4 of the Dungeon.
             The game lasted 00:09:07 (4209 turns).

nickcage the Basher (Minotaur Abyssal Knight)       Turns: 4209, Time: 00:09:07

Health: -7/57      AC:  8    Str: 19    XL:     7   Next: 45%
Magic:  16/16      EV:  7    Int:  7    God:    Lugonu [****..]
Gold:   277        SH:  0    Dex: 11    Spells: 6/6 levels left

rFire   . . .      SeeInvis .   a - +1 mace
rCold   . . .      Faith    .   (no shield)
rNeg    . . .      Spirit   .   w - +0 chain mail
rPois   .          Reflect  .   (helmet restricted)
rElec   .          Harm     .   (no cloak)
rCorr   .          Rampage  .   (no gloves)
Will    .....                   (no boots)
Stlth   ..........              (no amulet)
HPRegen 0.19/turn               t - ring of magical power
MPRegen 0.15/turn               (no ring)

@: attractive
A: horns 2, retaliatory headbutt
a: Renounce Religion, Depart the Abyss, Bend Space, Banish, Corrupt


You were on level 4 of the Dungeon.
You worshipped Lugonu.
Lugonu was greatly pleased with you.
You visited 1 branch of the dungeon, and saw 4 of its levels.
You visited the Abyss 1 time.

You collected 277 gold pieces.

Inventory:

Hand Weapons
 a - a +1 mace (weapon)
Missiles
 d - 5 poisoned darts (quivered)
Armour
 b - a +0 leather armour
 f - a +0 ring mail
 w - a +0 chain mail (worn)
Jewellery
 t - a ring of magical power (left hand)
Wands
 n - a wand of digging (9)
Scrolls
 g - a scroll of acquirement {unknown}
 h - a scroll of enchant armour {unknown}
 j - a scroll of silence {unknown}
 m - 2 scrolls of teleportation {unknown}
 r - a scroll of enchant weapon {unknown}
 u - a scroll of fear {unknown}
 v - 4 scrolls of identify {unknown}
Potions
 c - a potion of degeneration {unknown}
 e - 2 potions of attraction
 i - 2 potions of mutation {unknown}
 k - 2 potions of curing
 l - a potion of heal wounds
 o - a potion of flight {unknown}
 p - 2 potions of lignification {unknown}
 q - a potion of resistance {unknown}
 s - a potion of magic {unknown}


   Skills:
 - Level 3.6 Fighting
 + Level 10.0 Maces & Flails
 + Level 1.4 Throwing
 - Level 2.4 Armour
 - Level 1.1 Dodging
 - Level 1.7 Invocations


You had 6 spell levels left.
You didn't know any spells.
Your spell library contained the following spells:

 Spells                   Type           Power      Damage    Failure   Level
 Necrotise                Necr           0%         1d4       99%         1
 Summon Guardian Golem    Hex/Summ       0%         N/A       100%        3
 Vampiric Draining        Necr           0%         2d6       100%        3
 Agony                    Necr           0%         N/A       100%        5
 Orb of Destruction       Conj           0%         9d5       100%        7
 Spellforged Servitor     Conj/Summ      0%         N/A       100%        7


Dungeon Overview and Level Annotations

Branches:
Dungeon (4/15)
 Temple: D:4-7

Altars:
Ashenzari
Dithmenos

Shops:
D:2 ??([

Annotations:
D:4 Dowan


Innate Abilities, Weirdness & Mutations

You have a pair of horns on your head.
You reflexively headbutt those who attack you in melee.


Message History

Dowan is moderately wounded.
Dowan hits you but does no damage.
You barely miss Dowan. Your punch misses Dowan.
Dowan is moderately wounded.
Dowan hits you but does no damage. x2
You hit Dowan.
Dowan is heavily wounded.
Dowan barely misses you.
You hit Dowan.
Dowan is severely wounded.
Dowan drinks a potion.
Dowan is healed!
You thump Dowan! Your headbutt misses Dowan.
Dowan is moderately wounded.
Dowan hits you but does no damage. Dowan hits you with a +0 dagger.
* * * LOW HITPOINT WARNING * * *
You miss Dowan. Your headbutt misses Dowan.
Dowan is moderately wounded.
Dowan mumbles some strange words.
Dowan blinks!
Dowan is attracted toward you.
You feel much better.
Dowan says, "Her death will not be in vain!"
Dowan hits you with a +0 dagger.
You barely miss Dowan. Your headbutt misses Dowan.
Dowan is moderately wounded.
Dowan breathes, "And she was my only..."
Dowan barely misses you.
You closely miss Dowan. Your headbutt misses Dowan.
Dowan is moderately wounded.
Dowan casts a spell at you. The stone arrow misses you.
You hit Dowan. Your headbutt misses Dowan.
Dowan is heavily wounded.
Dowan hits you with a +0 dagger. x2
You closely miss Dowan. Your headbutt misses Dowan.
Dowan is heavily wounded.
Dowan mumbles some strange words.
Dowan blinks!
Dowan is attracted toward you. Dowan gestures at you while chanting.
The shard of ice hits you!!
You die...

#.# ##.#...##...<.....# .# #.#
#......#........e#..# # #.#
#.#...#............(... ###.#
##.###.#.........#..### #...#
##.#.##......)..#..... #.###
##.###.........##.... #.# #.#
#)........##.### #.#
#########.###.##..######.# # #.#
#.....§...e@.)...(# #.# # #.#
#.#######...§....## #.# # #.#
#.# #.....##########.# #
#.###.##### #.##.............# #
#.........# #.##..#######.##.# #
#.###.###.# #.##..# ##.#.#.###
#.##..###.###.##..#####.###.....
#.##.....................#.[<...
#.##.####.###.###########.######


You could see Dowan (fast).

Vanquished Creatures
  Eustachio (D:4)
  Duvessa (D:4)
  An ogre (D:4)
  A necrophage (D:3)
  2 scorpions (D:4)
  A hound (D:4)
  Natasha (thrice) (D:2)
  Robin (D:3)
  4 adders
  2 worms
  3 dart slugs
  6 bats
  5 endoplasms
  12 goblins
  9 hobgoblins
  5 jackals
  3 quokkas
  5 ball pythons
  2 frilled lizards (D:2)
  4 kobolds
  8 rats
79 creatures vanquished.

Notes
Turn   | Place    | Note
-------+----------+-------------------------------------------
     0 | Abyss:1  | nickcage the Minotaur Abyssal Knight began the quest for
                  | the Orb.
     0 | Abyss:1  | Reached XP level 1. HP: 19/19 MP: 1/1
     1 | D:1      | Escaped the Abyss
   110 | D:1      | Reached skill level 3 in Maces & Flails
   174 | D:1      | Found a faded altar of an unknown god.
   435 | D:1      | Reached XP level 2. HP: 23/26 MP: 2/2
   843 | D:2      | Reached skill level 4 in Maces & Flails
   863 | D:2      | Reached *** piety under Lugonu
   909 | D:2      | Found Wosaicw's Armour Shop.
   951 | D:2      | Noticed Natasha
   954 | D:2      | Noticed a crimson imp
   961 | D:2      | Noticed a crimson imp
   964 | D:2      | Killed Natasha
   965 | D:2      | Reached XP level 3. HP: 16/31 MP: 3/3
  1141 | D:2      | Found Afuicausch's Magic Scroll Shoppe.
  1201 | D:2      | Reached skill level 5 in Maces & Flails
  1274 | D:2      | Reached XP level 4. HP: 28/39 MP: 4/4
  1536 | D:2      | Found Radass's Antique Weapon Boutique.
  1559 | D:2      | Found Acrahud's Magic Scroll Shoppe.
  1633 | D:2      | Noticed Natasha
  1640 | D:2      | Killed Natasha
  1823 | D:2      | Noticed Natasha
  1829 | D:2      | Killed Natasha
  1830 | D:2      | Reached skill level 6 in Maces & Flails
  1830 | D:2      | Reached XP level 5. HP: 43/45 MP: 5/5
  1885 | D:3      | Noticed Robin
  1896 | D:3      | Killed Robin
  2387 | D:3      | Reached skill level 7 in Maces & Flails
  2953 | D:4      | Noticed Eustachio
  2964 | D:4      | Reached XP level 6. HP: 35/51 MP: 6/6
  3254 | D:4      | Killed Eustachio
  3255 | D:4      | Reached skill level 8 in Maces & Flails
  3255 | D:4      | Reached skill level 1 in Throwing
  3568 | D:4      | Reached skill level 9 in Maces & Flails
  3573 | D:4      | Reached **** piety under Lugonu
  3741 | D:4      | Noticed Duvessa
  3741 | D:4      | Noticed Dowan
  3860 | D:4      | Found a shadowy altar of Dithmenos.
  3911 | D:4      | Reached XP level 7. HP: 57/57 MP: 7/7
  3963 | D:4      | Found a broken altar of Ashenzari.
  4193 | D:4      | Killed Duvessa
  4194 | D:4      | Reached skill level 10 in Maces & Flails
  4209 | D:4      | Killed from afar by Dowan

Illustrated notes

Levels and vault maps discovered:
D:1:      dpeg_arrival_ratfight, layout_loops_ring,
          hellmonk_ecumenical_altar_crossroads,
          hangedman_abyss_or_decor_lesser_grid, dreamdust_mushroom_princess,
          minmay_bisected
D:2:      layout_rooms, serial_shops, nicolae_shop_hallway_stairs, shop,
          nicolae_shop_hallway_plus, nicolae_shop_crystal, uniq_natasha
D:3:      layout_loops_ring, uniq_robin
D:4:      layout_loops_ring, nicolae_dithmenos_shadow_blocks,
          cheibrodos_ashenzari_chains, uniq_eustachio, uniq_duvessa

Skill      XL: |  1  2  3  4  5  6  7 |
---------------+----------------------+-----
Maces & Flails | 3 4 5 6 7 9 10 | 10.0
Throwing       | 1 |  1.4
Fighting       | |  3.6
Armour         | |  2.4
Dodging        | |  1.1
Invocations    | |  1.7

Action                   |  1- 3 |  4- 6 |  7- 9 || total
-------------------------+-------+-------+-------++-------
Melee: Mace              |    75 |   128 |    30 ||   233
       Headbutt          |     5 |    20 |     7 ||    32
       Punch             |       |       |     1 ||     1
Throw: Dart              |     3 |     3 |     2 ||     8
  Use: Potion            |       |       |     3 ||     3
Armor: Ring mail         |    30 |    36 |       ||    66
       Leather armour    |     1 |       |       ||     1
       Chain mail        |       |       |     8 ||     8
Dodge: Dodged            |    41 |    58 |    13 ||   112

Table legend: (Time is in decaauts)
 A = Elapsed time spent in this place.
 B = Non-inter-level travel time spent in this place.
 C = Inter-level travel time spent in this place.
 D = Time resting spent in this place.
 E = Time spent auto-exploring this place.
 F = Levels seen in this place.
 G = Mean time per level.
                   A        B        C        D        E       F      G
               +--------+--------+--------+--------+--------+-----+--------+
         Total |   4235 |   4111 |    124 |    956 |   2508 |   5 |  847.0 |
       Dungeon |   4234 |   4110 |    124 |    956 |   2508 |   4 | 1058.5 |
         Abyss |      1 |      1 |      0 |      0 |      0 |   1 |    1.0 |
               +--------+--------+--------+--------+--------+-----+--------+

Top non-repeatable levels by time:
     D:3: 1380 daAuts
     D:2: 1063 daAuts
     D:4: 974 daAuts
     D:1: 814 daAuts
 Abyss:1: 1 daAuts
